 Dungeon Crawl Stone Soup version 0.29-a0-72-g1732ff48e7 (webtiles) character file.

Game seed: 519480503910418702

413 fragbeetle the Poker (level 6, -10/52 HPs)
             Began as a Ghoul Gladiator on Feb 3, 2022.
             Killed from afar by a steam dragon (16 damage)
             ... with a ball of steam
             ... on level 4 of the Dungeon.
             The game lasted 00:04:55 (2853 turns).

fragbeetle the Poker (Ghoul Gladiator)              Turns: 2853, Time: 00:04:56

Health: -10/52     AC:  8    Str: 20    XL:     6   Next: 91%
Magic:  5/5        EV: 10    Int:  3    God:
Gold:   117        SH:  0    Dex: 10    Spells: 5/5 levels left

rFire   . . .      SeeInvis .   a - +0 trident
rCold   + . .      Faith    .   o - orb {light}
rNeg    + + +      Spirit   .   u - +0 scale mail
rPois   ∞          Reflect  .   c - +0 helmet
rElec   .          Harm     .   (no cloak)
rCorr   .          Rampage  .   j - +0 pair of gloves
Will    .....                   (no boots)
Stlth   ..........              (no amulet)
HPRegen 0.00/turn               (no ring)
MPRegen 0.09/turn               (no ring)

@: inhibited regen, glowing
A: claws 1, cold resistance 1, negative energy resistance 3, inhibited
regeneration, torment resistance 2
a: no special abilities


You were on level 4 of the Dungeon.
You visited 1 branch of the dungeon, and saw 4 of its levels.

You collected 117 gold pieces.

Inventory:

Hand Weapons
 a - a +0 trident (weapon)
 l - a +0 hunting sling
Missiles
 d - 2 throwing nets (quivered)
 v - 17 poisoned darts
Armour
 c - a +0 helmet (worn)
 j - a +0 pair of gloves (worn)
 o - an orb of light (worn)
 u - a +0 scale mail (worn)
Magical Staves
 f - a staff of poison
Jewellery
 i - an amulet of guardian spirit
Wands
 t - a wand of digging (6)
 y - a wand of iceblast (8)
Scrolls
 g - a scroll of identify {unknown}
 k - 2 scrolls of teleportation {unknown}
 m - a scroll of vulnerability {unknown}
 n - 2 scrolls of fear {unknown}
 p - a scroll of acquirement {unknown}
 q - a scroll of amnesia {unknown}
 r - a scroll of magic mapping {unknown}
 D - a scroll of immolation {unknown}
 E - a scroll of enchant weapon {unknown}
Potions
 b - a potion of berserk rage {unknown}
 e - 2 potions of ambrosia {unknown}
 h - a potion of degeneration {unknown}
 s - a potion of resistance {unknown}
 w - a potion of curing {unknown}
 x - a potion of heal wounds {unknown}
 z - a potion of haste {unknown}
 A - a potion of cancellation {unknown}
 B - a potion of brilliance {unknown}
 C - a potion of magic {unknown}


   Skills:
 + Level 4.1 Fighting
 * Level 4.3 Polearms
 - Level 3.0 Throwing
 * Level 2.5 Armour
 - Level 3.4 Dodging


You had 5 spell levels left.
You didn't know any spells.
Your spell library contained the following spells:

 Spells                   Type           Power      Damage    Failure   Level
 Animate Skeleton         Necr           0%         N/A       87%         1
 Pain                     Necr           0%         1d4       87%         1
 Vampiric Draining        Necr           0%         2d6       99%         3


Dungeon Overview and Level Annotations

Branches:
Dungeon (4/15)
 Temple: D:4-7

Altars:
Qazlal
Trog


Innate Abilities, Weirdness & Mutations

You thrive by killing the living.
You are immune to poison.
You have sharp fingernails.
Your flesh is cold resistant. (rC+)
You are immune to negative energy. (rN+++)
You do not regenerate when monsters are visible.
You are immune to unholy pain and torment.


Message History

The steam dragon barely misses you. x2
You hit the steam dragon but do no damage.
The steam dragon is heavily wounded.
The steam dragon bites you but does no damage.
The steam dragon barely misses you.
You barely miss the steam dragon.
The steam dragon is heavily wounded.
The steam dragon bites you. The steam dragon claws you.
You hit the steam dragon but do no damage.
The steam dragon is heavily wounded.
The steam dragon bites you!
The steam dragon claws you but does no damage.
You hit the steam dragon.
The steam dragon is severely wounded.
The steam dragon closely misses you.
The steam dragon claws you but does no damage.
The steam dragon closely misses you.
The steam dragon claws you but does no damage.
You hit the steam dragon.
The steam dragon is severely wounded.
The steam dragon bites you. The steam dragon closely misses you.
You barely miss the steam dragon.
The steam dragon is severely wounded.
The steam dragon bites you. The steam dragon closely misses you.
You are too injured to fight recklessly!
You hit the steam dragon.
The steam dragon is severely wounded.
The steam dragon breathes steam at you. The ball of steam hits you.
You barely miss the steam dragon.
The steam dragon is severely wounded.
You are engulfed in a cloud of scalding steam.
* * * LOW HITPOINT WARNING * * *
The steam dragon misses you. The steam dragon barely misses you.
The steam dragon closely misses you. The steam dragon completely misses you.
You barely miss the steam dragon.
The steam dragon is severely wounded.
The steam dragon breathes steam at you. The ball of steam hits you!
You die...

##............
#.............
#......##.....
##.....##.....
#......#......
#......#......
#.†....#......
########.....##.....
#..#..@§#§.§§...##.....
#...D§'§§......#....<
#....§#........#.....
#.....#........#.....
#.....#........#.....
+.....#........#.....
#.....#........#...##
#.....#........#...##
##....##########....#


You could see a steam dragon (catching breath).

Vanquished Creatures
  2 necrophages (D:4)
  A centaur skeleton (D:4)
  A jelly (D:4)
  Terence (D:3)
  Jessica (D:2)
  A howler monkey skeleton (D:4)
  3 adders
  An ufetubus (D:4)
  An adder skeleton (D:4)
  A worm (D:2)
  3 dart slugs
  11 orcs
  6 endoplasms
  6 goblins
  5 hobgoblins
  A quokka (D:2)
  8 ball pythons
  6 bats
  2 frilled lizards
  8 kobolds
  4 rats (D:1)
73 creatures vanquished.

Notes
Turn   | Place    | Note
-------+----------+-------------------------------------------
     0 | D:1      | fragbeetle the Ghoul Gladiator began the quest for the Orb.
     0 | D:1      | Reached XP level 1. HP: 17/17 MP: 0/0
   183 | D:1      | Reached XP level 2. HP: 19/25 MP: 1/1
   622 | D:2      | Noticed Jessica
   628 | D:2      | Reached XP level 3. HP: 30/30 MP: 2/2
   634 | D:2      | Killed Jessica
   861 | D:2      | Found a faded altar of an unknown god.
   895 | D:2      | Reached XP level 4. HP: 27/38 MP: 3/3
  1185 | D:3      | Found a stormy altar of Qazlal.
  1192 | D:3      | Noticed Terence
  1211 | D:3      | Killed Terence
  1309 | D:3      | Reached XP level 5. HP: 45/45 MP: 4/4
  1906 | D:4      | Noticed a necrophage
  1991 | D:4      | Reached skill level 1 in Armour
  2477 | D:4      | Killed a necrophage
  2478 | D:4      | Reached XP level 6. HP: 49/52 MP: 5/5
  2578 | D:4      | Found a bloodstained altar of Trog.
  2799 | D:4      | Noticed a necrophage
  2806 | D:4      | Killed a necrophage
  2834 | D:4      | Noticed a steam dragon
  2853 | D:4      | Killed from afar by a steam dragon

Illustrated notes

Levels and vault maps discovered:
D:1:      giann_bridges, layout_rooms
D:2:      layout_rooms, nicolae_ecumenical_oubliette, uniq_jessica
D:3:      layout_basic, overflow_temple_1_default, uniq_terence
D:4:      layout_gridville, mainiacjoe_overflow_chevrons

Skill      XL: |  1  2  3  4  5  6 |
---------------+-------------------+-----
Throwing       | 2 3 |  3.0
Polearms       | 3 4 |  4.3
Dodging        | 3 |  3.4
Fighting       | 3 4 |  4.1
Armour         | 1 2 |  2.5

Action                   |  1- 3 |  4- 6 || total
-------------------------+-------+-------++-------
Melee: Trident           |    74 |   120 ||   194
       Punch             |     1 |       ||     1
Throw: Throwing net      |       |     1 ||     1
Evoke: Wand              |       |     2 ||     2
 Stab: Held in net/web   |       |     2 ||     2
Armor: Leather armour    |    10 |     1 ||    11
       Scale mail        |       |    34 ||    34
Dodge: Dodged            |    44 |    69 ||   113

Table legend: (Time is in decaauts)
 A = Elapsed time spent in this place.
 B = Non-inter-level travel time spent in this place.
 C = Inter-level travel time spent in this place.
 D = Time resting spent in this place.
 E = Time spent auto-exploring this place.
 F = Levels seen in this place.
 G = Mean time per level.
                   A        B        C        D        E       F      G
               +--------+--------+--------+--------+--------+-----+--------+
         Total |   2882 |   2745 |    137 |    372 |   1837 |   4 |  720.5 |
       Dungeon |   2882 |   2745 |    137 |    372 |   1837 |   4 |  720.5 |
               +--------+--------+--------+--------+--------+-----+--------+

Top non-repeatable levels by time:
     D:4: 1085 daAuts
     D:3: 631 daAuts
     D:1: 597 daAuts
     D:2: 568 daAuts
